Map: New Repugnancy LE

Players

MechaCaulk - Winner!

  • Race: Zerg Zerg
  • League: Platinum
  • Spawn Location: 1:00

Andy

  • Race: Terran Terran
  • League: Platinum
  • Spawn Location: 7:00

VOD

Have the link to the VOD?

Description

Time

  • Played on: May 14, 2019, 3:07 a.m.
  • Length: 14:49
Show
View Real Time Build Order
Export as new Build Order

MechaCaulk Zerg - Winner!

Build Orders: Pool First, Swarm Host 

Get SALT Encoding   

  12  0:33  Drone x2  
  12  0:35  Overlord  
  14  0:39  Spawning Pool  
  14  0:50  Drone  
  14  1:04  Drone  
  14  1:05  Extractor  
  14  1:09  Drone  
  15  1:27  Hatchery  
  15  1:30  Zergling x4  
  16  1:39  Drone  
  17  1:48  Drone  
  18  1:56  Queen  
  20  2:06  Drone  
  21  2:19  Drone  
  21  2:21  Hatchery  
  21  2:23  Drone  
  22  2:31  Metabolic Boost  
  22  2:56  Extractor  
  21  3:00  Drone x2, Spore Crawler  
  21  3:01  Drone x3  
  25  3:10  Drone x2  
  25  3:11  Drone  
  28  3:21  Pneumatized Carapace  
  28  3:37  Drone x5  
  33  3:51  Spore Crawler  
  33  3:52  Spore Crawler  
  33  3:55  Drone x3  
  34  4:01  Overlord  
  34  4:14  Overlord  
  34  4:31  Zergling x4  
  34  4:32  Zergling x10  
  34  4:37  Drone  
  34  4:38  Drone  
  43  4:42  Lair  
  43  4:55  Zergling x8  
  47  5:00  Drone x2  
  47  5:01  Drone  
  50  5:07  Overlord  
  50  5:19  Overlord x2  
  50  5:29  Extractor  
  50  5:31  Queen, Extractor  
  50  5:33  Overlord x2  
  50  5:36  Queen  
  50  5:37  Drone x2  
  54  5:51  Drone x4  
  54  5:56  Nydus Network  
  56  6:01  Infestation Pit  
  55  6:14  Drone x4  
  52  6:26  Drone x3  
  55  6:37  Baneling Nest  
  54  6:43  Zergling x6  
  54  7:09  Swarm Host x4  
  54  7:10  Swarm Host x3  
  54  7:15  Drone  
  76  7:25  Swarm Host x2  
  76  7:29  Overlord x3  
  82  7:37  Extractor  
  82  7:42  Nydus Canal  
  81  7:47  Hatchery  
  78  8:04  Drone x2  
  80  8:07  Drone x4  
  80  8:08  Drone x2, Extractor  
  85  8:22  Zergling x4  
  85  8:23  Spire, Zergling x8  
  90  8:30  Overseer  
  90  8:44  Hydralisk Den  
  89  9:21  Nydus Canal  
  89  9:25  Hydralisk  
  89  9:26  Hydralisk x6  
  89  9:29  Overlord x7  
  89  9:30  Overlord x2  
  101  9:55  Mutalisk x15  
  101  9:56  Mutalisk  
  129  10:07  Corruptor x2  
  129  10:09  Drone x3  
  129  10:10  Drone x5  
  133  10:47  Nydus Canal, Swarm Host x5  
  133  10:48  Swarm Host x2  
  154  11:01  Nydus Canal  
  152  11:24  Zergling x2  
  152  11:25  Zergling x18  
  160  11:31  Drone  
  160  11:32  Drone  
  160  11:45  Nydus Canal  
  158  12:00  Zergling x4  
  160  12:01  Overlord x2  
  160  12:02  Overlord x5  
  155  12:18  Overlord x2  
  155  12:19  Overlord x2  
  139  12:35  Corruptor x8  
  139  12:36  Corruptor x2  
  144  13:03  Swarm Host x5  
  155  13:05  Drone  
  155  13:06  Drone x7  
  158  13:14  Zergling x6  
  157  13:32  Drone  
  157  13:33  Drone x4  
  162  13:36  Extractor  
  162  13:37  Extractor  
  162  13:38  Hive  
  162  13:39  Drone, Corruptor x5  
  171  14:15  Drone x6  
  174  14:39  Hatchery  
Show
View Real Time Build Order
Export as new Build Order

Andy Terran 

Build Orders:  

Get SALT Encoding   

  12  0:01  SCV  
  13  0:14  SCV  
  14  0:20  Supply Depot  
  14  0:28  SCV  
  15  0:41  Supply Depot, SCV  
  16  0:50  Barracks  
  16  0:56  Refinery  
  16  1:00  SCV  
  17  1:13  SCV  
  18  1:28  SCV  
  19  1:41  SCV  
  20  1:49  Command Center  
  20  1:58  Marine  
  20  2:00  Supply Depot  
  21  2:04  Refinery  
  21  2:13  Factory  
  21  2:14  SCV  
  22  2:28  Engineering Bay  
  21  2:45  SCV  
  22  2:58  Factory Tech Lab  
  22  3:02  Starport  
  22  3:04  SCV  
  24  3:16  SCV  
  25  3:21  Planetary Fortress  
  24  3:28  SCV, Siege Tank  
  28  3:41  SCV  
  29  3:53  SCV  
  30  3:56  Fusion Core  
  30  3:58  SCV  
  31  4:05  SCV  
  32  4:10  SCV  
  33  4:20  Missile Turret  
  34  4:25  Planetary Fortress  
  33  4:39  SCV  
  34  4:51  SCV  
  35  5:02  Command Center  
  35  5:18  SCV x2  
  35  5:19  Missile Turret  
  37  5:28  Factory Tech Lab  
  37  5:29  Command Center  
  37  5:30  SCV x2  
  39  5:42  SCV x2  
  41  5:43  Command Center  
  41  5:54  SCV x2  
  41  6:06  SCV x2  
  41  6:10  Missile Turret  
  43  6:12  Supply Depot  
  43  6:13  Supply Depot  
  43  6:18  SCV x2, Hi-Sec Auto Tracking  
  43  6:25  Refinery  
  45  6:30  SCV x2  
  47  6:33  Battlecruiser  
  53  6:42  Planetary Fortress, Missile Turret  
  53  6:50  SCV x2, Missile Turret  
  55  7:02  SCV x2, Missile Turret  
  55  7:06  Refinery  
  57  7:14  SCV  
  57  7:15  SCV  
  59  7:23  SCV  
  59  7:24  Refinery  
  59  7:26  SCV  
  59  7:27  SCV  
  59  7:29  Command Center  
  62  7:35  SCV  
  63  7:39  SCV x2  
  65  7:48  SCV  
  65  7:51  SCV x2  
  67  8:00  SCV  
  67  8:03  SCV x2  
  70  8:07  Neosteel Armor  
  70  8:12  SCV  
  71  8:15  SCV x2  
  73  8:20  Missile Turret  
  73  8:24  SCV  
  73  8:25  Planetary Fortress  
  74  8:27  SCV, Missile Turret  
  74  8:31  Battlecruiser  
  74  8:32  Siege Tank  
  84  8:41  Missile Turret  
  84  8:46  Missile Turret, Refinery  
  84  8:47  SCV x2  
  84  8:48  SCV, Missile Turret  
  88  8:51  Planetary Fortress  
  87  8:56  Missile Turret  
  87  8:59  SCV  
  87  9:00  SCV x2  
  90  9:12  SCV x2  
  92  9:20  Command Center, SCV x2  
  92  9:24  SCV x2, Siege Tank  
  99  9:32  SCV x2  
  99  9:33  Missile Turret  
  99  9:34  SCV  
  99  9:36  SCV x2  
  104  9:55  SCV x3  
  104  9:56  Missile Turret  
  104  9:59  SCV  
  107  10:23  Missile Turret  
  107  10:28  Missile Turret  
  107  10:31  SCV x3, Siege Tank, Missile Turret  
  107  10:32  SCV x2  
  107  10:33  Missile Turret  
  114  10:40  Missile Turret  
  114  10:41  Missile Turret  
  114  10:44  SCV x3  
  114  10:45  SCV x2  
  118  10:52  Planetary Fortress, Missile Turret  
  118  10:56  SCV x3  
  119  10:58  SCV x2, Command Center  
  119  11:03  Missile Turret  
  121  11:05  Refinery  
  121  11:06  Refinery  
  121  11:08  SCV  
  122  11:13  SCV  
  120  11:42  Missile Turret  
  120  11:44  Missile Turret  
  120  11:45  Missile Turret  
  120  11:46  Missile Turret  
  117  11:54  Missile Turret  
  115  12:02  Supply Depot  
  115  12:03  Supply Depot  
  115  12:08  Command Center  
  115  12:10  SCV x4, Battlecruiser  
  120  12:15  Missile Turret  
  120  12:17  Command Center  
  120  12:19  Missile Turret  
  120  12:21  Missile Turret  
  120  12:22  SCV x2  
  122  12:23  SCV x2  
  123  12:32  Missile Turret  
  123  12:33  Missile Turret  
  123  12:34  SCV x2  
  123  12:35  SCV x2  
  126  12:45  Missile Turret  
  126  12:46  SCV x2  
  126  12:47  SCV x2  
  130  12:56  Command Center  
  130  12:58  SCV x2, Missile Turret  
  132  13:00  SCV x2  
  133  13:08  Missile Turret  
  133  13:09  Missile Turret  
  133  13:10  SCV x2  
  133  13:12  SCV x2  
  136  13:14  Missile Turret x2  
  136  13:15  Missile Turret  
  135  13:20  Battlecruiser  
  135  13:22  SCV x2  
  135  13:24  SCV x2  
  138  13:34  SCV x2, Missile Turret  
  138  13:36  SCV x2  
  138  13:38  Missile Turret  
  142  13:41  Missile Turret  
  142  13:43  Planetary Fortress  
  142  13:45  Missile Turret  
  142  13:46  SCV x2  
  142  13:48  SCV x2  
  146  13:58  SCV x2  
  146  13:59  Missile Turret  
  146  14:00  SCV x2  
  146  14:02  Starport  
  147  14:03  Refinery  
  147  14:07  Missile Turret  
  147  14:09  Missile Turret  
  147  14:11  SCV  
  148  14:30  Missile Turret  
  154  14:32  Missile Turret  
  154  14:33  Refinery  
  154  14:42  Missile Turret  
Tags
 
Add a new tag
Caveats
  • Supply blocks, unpowered buildings, or Contaminate may cause inaccurate times.
  • Supply counts are checked every 10 seconds.